← All builds
Geo sea / Legion / Economy first / OBSERVED BUILD

Standard geo sea

Baseline cove-side sea play: bot lab then shipyard in the cove around 3:06, first Syracusia by 5:04, geothermal on time around 7:42 and an Advanced Metal Extractor to build up eco, transitioning into more Syracusia and Argonaut over the…

Usually shipyard in the cove (95%) · geo on time (86%)

#naval #eco · 21 distinct matches · 10 players · 44% of Legion Geo sea games · team won 43% of 21 · Recently observed

HOW TO PLAY IT

Key timing: First Syracusia by 5:18

  1. Take 3 mex and open into wind while starting the bot lab.
  2. Rush the bot lab finish for early defense on the coast.
  3. Get the shipyard up to start frigate production.
  4. Push the first Syracusia frigate out for sea control.
  5. Layer geothermal and advanced mex, then keep feeding the Syracusia navy.

Phase by phase

TYPICAL OF ITS 21 GAMES · AGAINST STANDARD GEO SEA
  1. 1
  2. 2
  3. 3
  4. 4
PLAY THE OPENING

Follow the example game's first 6:00 step by step: what to build now, what comes next, and where it goes. At 1× it keeps pace with your own game.

  1. 1

    Up to the Legion Bot Lab

    Economy
    • Metal Extractor3Mex
    Order
    1. Legion Bot LabLegion Bot Lab after 3 mexdone ~1:07, middle half 0:57–1:16

    Some games also: solar (48%) · wind (48%)

    The standard build makes here, this one skips: 3 wind

    By 0:50 in all: 3 mex

    The example game in this phase · 5 steps
    1. Mex ×3
    2. Wind ×2for Air
    3. Wind ×6
    4. Solar
    5. Legion Bot LabLegion Bot Labdone 1:49 · typical 1:07
  2. 2

    Legion Bot Lab to Shipyard

    Economy
    • Metal Extractor1Mex
    Order
    1. ShipyardShipyard after 4 mex, 3 wind, 1 solardone ~2:54, middle half 2:34–3:33
    Builders
    • Zagreus3 Zagreus
    • Legion Construction Bot3 Legion Construction Bot

    Some games also: wind (48%) · con turret (38%)

    The standard build makes here, this one skips: 3 wind

    By 2:33 in all: 4 mex · 3 wind (standard 5) · 1 solar

    The example game in this phase · 10 steps
    1. ZagreusZagreus ×2
    2. Legion Construction BotLegion Construction Bot
    3. Energy storage
    4. Legion Construction BotLegion Construction Bot
    5. Con turret
    6. ToxotaiToxotai
    7. Mex
    8. EuryaleEuryale
    9. Mex
    10. ShipyardShipyarddone 4:21 · typical 2:54
  3. 3

    Shipyard to 5:00

    Economy
    • Metal Extractor5Mex
    • Wind Turbine2Wind
    Builders
    • Construction Ship1 Con ship
    Army
    • Pharos1 Pharos
    • Argonaut2 Argonaut
    • Syracusia1 Syracusia

    Some games also: con turret (48%) · converter (43%) · Legion Drone (38%) · Radar Tower (38%) · Hippocampus (38%)

    The standard build makes here, this one skips: 2 converter · 2 Radar Tower

    By 5:00 in all: 8 mex · 4 wind (standard 8) · 1 solar · 1 energy storage · 1 con turret

    The example game in this phase · 7 steps
    1. Construction ShipCon ship
    2. SyracusiaSyracusiadone 4:54 · typical 5:07
    3. Mex
    4. Wind
    5. Legion DroneLegion Drone
    6. Construction ShipCon ship
    7. Wind
  4. 4

    5:00 to 10:00

    Economy
    • Metal Extractor1Mex−2 vs standard
    • Wind Turbine14Wind
    • Energy Converter3Converter+3 vs standard
    • Energy Storage1Energy storage
    Order
    1. Geothermal PowerplantGeo after 9 mex, 8 wind, 3 converter
    Builders
    • Construction Turret2 Con turret
    • Dionysus1 Dionysus
    Army
    • Pharos1 Pharos −2 vs standard
    • Legion Drone10 Legion Drone

    Some games also: con ship (43%)

    The standard build makes here, this one skips: 2 Bramble

    By 10:00 in all: 9 mex · 18 wind · 1 solar · 1 geo · 5 converter · 1 energy storage

    The example game in this phase · 115 steps
    1. Wind
    2. Legion DroneLegion Drone
    3. IapetusIapetus
    4. Wind
    5. Mex
    6. Wind ×2
    7. DionysusDionysus
    8. Mex
    9. Wind ×2
    10. Converter
    11. SyracusiaSyracusia
    12. Converter ×2
    13. Legion DroneLegion Drone
    14. IapetusIapetus
    15. Radar TowerRadar Tower
    16. Legion DroneLegion Drone
    17. PharosPharos
    18. ArgonautArgonaut
    19. Legion DroneLegion Drone
    20. PharosPharos
    21. Mex
    22. ArgonautArgonaut
    23. PharosPharos
    24. Mex
    25. PharosPharos
    26. Naval Metal Storage
    27. Construction ShipCon ship
    28. Naval Construction Turret
    29. Advanced Metal ExtractorT2 mexdone 9:31 · typical 9:04
    30. Mex
    31. SyracusiaSyracusia
    32. Radar TowerRadar Tower
    33. Advanced Metal ExtractorT2 mex
    34. Legion DroneLegion Drone
    35. Geothermal PowerplantGeodone 11:11 · typical 7:33
    36. IapetusIapetus
    37. SyracusiaSyracusia
    38. Legion DroneLegion Drone ×2
    39. Tidal
    40. Legion DroneLegion Drone
    41. IapetusIapetus
    42. Advanced Metal ExtractorT2 mex
    43. Legion DroneLegion Drone
    44. DionysusDionysus
    45. Legion DroneLegion Drone ×2
    46. ArgonautArgonaut
    47. Legion DroneLegion Drone ×2
    48. ArgonautArgonaut
    49. Legion DroneLegion Drone
    50. Con turret
    51. Legion DroneLegion Drone
    52. Construction ShipCon ship
    53. SyracusiaSyracusia
    54. Legion DroneLegion Drone ×2
    55. IapetusIapetus
    56. Converter
    57. SyracusiaSyracusia
    58. Converter
    59. Legion DroneLegion Drone
    60. Converter
    61. Legion DroneLegion Drone
    62. IapetusIapetus
    63. Converter
    64. DionysusDionysus
    65. Converter
    66. Legion DroneLegion Drone
    67. ArgonautArgonaut
    68. Converter
    69. ArgonautArgonaut
    70. Con turret
    71. Construction ShipCon ship
    72. SyracusiaSyracusia
    73. Con turret ×2
    74. Legion DroneLegion Drone
    75. Construction ShipCon ship
    76. Legion DroneLegion Drone
    77. Tidal
    78. Legion DroneLegion Drone
    79. Tidal ×3
    80. Legion DroneLegion Drone
    81. Naval Construction Turret
    82. Tidal ×2
    83. Legion DroneLegion Drone
    84. Tidal
    85. Naval Construction Turret
    86. Legion DroneLegion Drone
    87. Tidal
    88. Legion DroneLegion Drone
    89. Tidal ×2
    90. Legion DroneLegion Drone
    91. Naval Construction Turret
    92. Legion DroneLegion Drone
    93. Legion Bot LabLegion Bot Labdone 14:19
    94. Tidal ×2
    95. GoblinGoblin
    96. Legion Bot LabLegion Bot Labdone 14:25
    97. Legion Construction BotLegion Construction Bot
    98. Tidal ×2
    99. GoblinGoblin ×8
    100. Tidal
    101. GoblinGoblin ×2
    102. Tidal
    103. GoblinGoblin ×7
    104. Tidal
    105. GoblinGoblin ×4
    106. Tidal
    107. GoblinGoblin ×6
    108. Tidal
    109. Amphibious ComplexAmphibious Complexnot finished by 15:00
    110. GoblinGoblin ×2
    111. Advanced Metal ExtractorT2 mex
    112. Tidal
    113. GoblinGoblin
    114. Offshore Seaplane PlatformOffshore Seaplane Platformnot finished by 15:00
    115. GoblinGoblin ×3

Counts are medians over the build's games: half of them build more, half fewer. The example game is HighlyRegarded's (35 OS, 01/09/2026); pick another.

Team trades

IN AT LEAST 30% OF ITS GAMES

You hand over

  • Wind Turbine2 Wind to Airfirst at 1:41 · in 57% of games

You get

  • Finch1 Finch from Airfirst at 1:49 · in 52% of games
  • Hercules1 Light transport from Airfirst at 2:03 · in 33% of games
  • Advanced Construction Bot1 T2 con bot from Techfirst at 7:28 · in 71% of games

How it plays out

Typical game of this build, running totals by minute

Metal produced

010k20k30k
0:005:0010:0015:00

metal

Enemy metal destroyed

05k10k
0:005:0010:0015:00

metal

Own metal lost

02k4k
0:005:0010:0015:00

metal

21 games.

Show as table
ByMetal produced: This buildEnemy metal destroyed: This buildOwn metal lost: This build
1:0039500
2:0092700
3:00162700
4:0028655151
5:00401419052
6:005343540102
7:006793620170
8:0084071441320
9:00102921704417
10:001223924351056
11:001491332351780
12:001794336352261
13:002024852952375
14:002356863333776
15:002741389533776
WHAT THE NUMBERS SAY

Standard geo sea sits near an even split on wins while destroying more metal than it loses by 15:00, typical for a contested sea role.

  • + Enemy metal destroyed reaches 7775 by 15:00 against 4863 lost.
  • + Syracusia dominates army composition at 43%, showing a clear naval focus.
  • − Team win rate is only 47%, essentially a coin flip.
  • − T2 factory only completes in 32% of games, so tech transition often stalls.
THE EXAMPLE YOU ARE READING

HighlyRegarded

35.4 OS · 01/09/2026

Open source match ↗

1 received units · includes a constructor
274 metal received · 108468 energy received

Allied construction assistance is unknown. Timings are observations, not a promise of solo reproducibility.

Typical milestones

Legion Bot Lab1:07Middle 50%: 0:57–1:16 · n=21
Shipyard2:54Middle 50%: 2:34–3:33 · n=21
Syracusia5:07Middle 50%: 4:38–5:43 · n=21
Geothermal Powerplant7:33Middle 50%: 6:54–9:48 · n=21
Advanced Metal Extractor9:04Middle 50%: 8:36–9:27 · n=14

Played most by

KingBenjai9games of this buildHighlyRegarded2games of this buildPRO_Rerory2games of this buildRysica2games of this buildarmjanus1game of this build